Map: Blueshift LE

Players

PvP

  • Race: Protoss Protoss
  • League: Master
  • Spawn Location: 7:00

llIllllIllll - Winner!

  • Race: Protoss Protoss
  • League: Grandmaster
  • Spawn Location: 1:00

VOD

Have the link to the VOD?

Description

Time

  • Played on: Oct. 21, 2018, 5:34 p.m.
  • Length: 9:45
Show
View Real Time Build Order
Export as new Build Order

PvP Protoss 

Build Orders:  

Get SALT Encoding   

  12  0:01  Probe  
  13  0:13  Probe  
  14  0:19  Pylon  
  14  0:25  Probe  
  15  0:34  Probe  
  15  0:38  Gateway  
  15  0:42  Probe  
  16  0:46  Assimilator  
  17  0:51  Probe  
  17  0:56  Assimilator  
  18  1:01  Probe  
  19  1:12  Gateway  
  19  1:26  Pylon  
  19  1:38  Cybernetics Core  
  14  1:54  Pylon  
  14  2:04  Stalker  
  16  2:22  Stalker  
  18  2:34  Probe  
  19  2:51  Stargate  
  19  3:01  Probe  
  20  3:13  Probe  
  21  3:21  Shield Battery  
  21  3:25  Void Ray  
  21  3:39  Probe  
  26  3:57  Void Ray  
  26  4:04  Probe  
  31  4:20  Pylon  
  31  4:27  Gateway  
  31  4:40  Void Ray  
  35  4:50  Pylon  
  35  5:16  Void Ray  
  39  5:35  Probe  
  40  5:51  Nexus  
  40  5:53  Pylon  
  40  6:07  Probe  
  41  6:15  Void Ray  
  45  6:21  Probe  
  46  6:38  Robotics Facility  
  46  7:07  Probe  
  51  7:19  Probe  
  52  7:29  Probe  
  48  7:30  Stargate  
  48  7:32  Probe  
  48  7:33  Stargate  
  48  7:37  Probe  
  50  7:42  Shield Battery x2  
  50  7:44  Shield Battery, Probe  
  51  7:45  Pylon  
  51  7:47  Assimilator  
  51  7:49  Probe  
  49  7:56  Probe  
  50  8:08  Probe  
  50  8:09  Probe  
  50  8:10  Void Ray  
  52  8:15  Void Ray  
  52  8:19  Assimilator  
  56  8:29  Probe  
  56  8:31  Probe  
  59  8:41  Probe  
  59  8:43  Probe  
  59  8:44  Void Ray  
  60  8:53  Probe  
  65  8:56  Probe  
  66  9:05  Probe  
Show
View Real Time Build Order
Export as new Build Order

llIllllIllll Protoss - Winner!

Build Orders:  

Get SALT Encoding   

  12  0:01  Probe  
  13  0:13  Probe  
  14  0:18  Pylon  
  14  0:25  Probe  
  15  0:35  Probe  
  15  0:39  Forge  
  16  0:43  Probe  
  17  0:52  Pylon  
  17  0:56  Probe  
  18  1:13  Photon Cannon  
  18  1:20  Pylon  
  18  1:26  Pylon  
  18  1:45  Pylon  
  17  1:56  Probe  
  18  2:04  Photon Cannon x2  
  18  2:07  Photon Cannon  
  18  2:09  Gateway  
  18  2:38  Pylon  
  18  2:39  Pylon  
  17  2:47  Probe  
  17  2:48  Zealot  
  17  2:49  Assimilator  
  18  2:53  Assimilator  
  20  2:59  Probe  
  21  3:08  Photon Cannon  
  21  3:11  Probe  
  22  3:23  Probe  
  23  3:35  Probe  
  23  3:37  Pylon  
  24  3:41  Zealot  
  24  3:45  Cybernetics Core  
  24  3:48  Probe  
  27  4:00  Probe  
  26  4:21  Stalker  
  28  4:29  Shield Battery x2  
  28  4:30  Stargate  
  28  4:33  Stargate  
  28  4:42  Stalker  
  28  4:48  Pylon  
  30  5:06  Nexus  
  30  5:17  Void Ray  
  34  5:22  Void Ray  
  36  5:41  Assimilator  
  36  6:07  Pylon  
  36  6:10  Void Ray  
  36  6:11  Pylon  
  40  6:18  Void Ray  
  40  6:31  Probe  
  45  6:43  Probe  
  46  6:59  Void Ray  
  46  7:10  Assimilator  
  45  7:48  Probe  
  44  7:55  Void Ray  
  48  8:00  Probe  
  49  8:09  Void Ray  
  49  8:17  Pylon, Probe  
  54  8:35  Probe  
  55  8:46  Void Ray  
  55  8:47  Probe  
  60  8:51  Forge  
  60  8:57  Photon Cannon  
  60  8:59  Probe, Photon Cannon  
  61  9:11  Probe  
Tags
 
Add a new tag
Caveats
  • Supply blocks, unpowered buildings, or Contaminate may cause inaccurate times.
  • Supply counts are checked every 10 seconds.